 Dungeon Crawl Stone Soup version 0.24.0-13-gcf9b319 (webtiles) character file.

Game seed: 7475934110512187944, levelgen mode: deterministic

308 Arex the Skirmisher (level 6, 0/43 HPs)
             Began as an Octopode Fighter on Mar 20, 2020.
             Slain by Grinder (5 damage)
             ... while paralysed by Grinder
             ... on level 3 of the Dungeon.
             The game lasted 00:08:19 (2452 turns).

Arex the Skirmisher (Octopode Fighter)              Turns: 2452, Time: 00:08:20

Health: 0/43       AC:  1    Str: 17    XL:     6   Next: 40%
Magic:  6/6        EV:  2    Int: 10    God:
Gold:   103        SH:  0    Dex: 12    Spells: 5/5 levels left

rFire    . . .     SeeInvis .     - Unarmed
rCold    . . .     Gourm    .   k - +0 large shield
rNeg     . . .     Faith    .   (helmet restricted)
rPois    .         Spirit   .   (no amulet)
rElec    .         Reflect  .   (no ring)
rCorr    .         Harm     .   (no ring)
MR       .....                  (no ring)
Stlth    ++........             (no ring)
HPRegen  0.14/turn              (no ring)
MPRegen  0.10/turn              (no ring)
                                (no ring)
                                (no ring)

@: paralysed
A: almost no armour, stealthy swim, amphibious, 8 rings, constrict 8, camouflage
1, gelatinous body 1
a: no special abilities


You were on level 3 of the Dungeon.
You were not hungry.

You visited 1 branch of the dungeon, and saw 4 of its levels.

You collected 103 gold pieces.

Inventory:

Armour
 k - a +0 large shield (worn)
Scrolls
 e - a scroll of remove curse {unknown}
 g - a scroll of fog {unknown}
 h - a scroll of enchant armour {unknown}
 i - a scroll of identify {unknown}
Potions
 a - a potion of heal wounds {unknown}
 b - a potion of might
 d - 2 potions of curing
 f - a potion of flight {unknown}
 j - a potion of lignification {unknown}
Comestibles
 c - 5 rations
 l - 3 chunks of flesh


   Skills:
 + Level 4.3 Fighting
 + Level 4.2 Dodging
 + Level 4.3 Shields
 + Level 3.6 Unarmed Combat


You had 5 spell levels left.
You didn't know any spells.
Your spell library was empty.

Dungeon Overview and Level Annotations

Branches:
Dungeon (4/15)
 Temple: D:4-7

Altars:

Annotations:
D:3 Grinder


Innate Abilities, Weirdness & Mutations

You cannot wear most types of armour.
You are very stealthy in the water. (Stealth+)
You are amphibious.
You can wear up to eight rings at the same time.
You can use your tentacles to constrict eight enemies at once.
Your skin changes colour to match your surroundings (Stealth+).
Your rubbery body absorbs attacks. (AC +1, EV +1)


Message History

You constrict Grinder, but do no damage.
Grinder drinks a potion.
Grinder is healed!
You bludgeon Grinder!
Grinder is heavily wounded.
You constrict Grinder. You block Grinder's attack.
You tentacle-slap Grinder but do no damage.
Grinder is heavily wounded.
You constrict Grinder.
Grinder says, "FISH!"
Grinder gestures at you. You resist with significant effort.
Grinder gestures at you.
You suddenly lose the ability to move!
You lose your grip on Grinder.
Grinder hits you.
You writhe in agony.
Grinder hits you!
You writhe in agony.
* * * LOW HITPOINT WARNING * * *
Grinder hits you!
* * * LOW HITPOINT WARNING * * *
You writhe in agony.
You die...

.............'........
#####.........###.)####
...#.....##### #.....#
#####.#.#.#.# #.....#
#......รท..#.# ####....##
.#.......###.#...........#
..........................
.#########.#.#.###########
#..5@...# #....###.### ...
#.# . ..# #.# ..# #.# .#


You could see Grinder.

Vanquished Creatures
  Sigmund (D:2)
  Crazy Yiuf (D:2)
  Jessica (D:2)
  Natasha (D:2)
  An adder (D:4)
  An ooze (D:2)
  2 worms (D:2)
  2 dart slugs
  A leopard gecko (D:1)
  2 giant cockroaches (D:2)
  4 goblins
  6 hobgoblins
  4 jackals (D:2)
  2 quokkas
  5 bats
  7 frilled lizards
  6 kobolds (D:2)
  4 rats
51 creatures vanquished.

Notes
Turn   | Place    | Note
-------+----------+-------------------------------------------
     0 | D:1      | Arex the Octopode Fighter began the quest for the Orb.
     0 | D:1      | Reached XP level 1. HP: 16/16 MP: 1/1
    87 | D:1      | Reached XP level 2. HP: 21/21 MP: 2/2
   757 | D:2      | Reached XP level 3. HP: 21/26 MP: 3/3
  1123 | D:2      | Noticed Sigmund
  1140 | D:2      | Killed Sigmund
  1140 | D:2      | Reached XP level 4. HP: 18/33 MP: 4/4
  1140 | D:2      | Reached XP level 5. HP: 20/37 MP: 5/5
  1360 | D:2      | You fall into a shaft and drop 2 floors!
  1688 | D:2      | Found a runed translucent door.
  1689 | D:2      | Noticed Crazy Yiuf
  1823 | D:2      | Reached XP level 6. HP: 43/43 MP: 6/6
  1831 | D:2      | Noticed Jessica
  1836 | D:2      | Killed Jessica
  2143 | D:2      | Noticed Natasha
  2162 | D:2      | Killed Natasha
  2353 | D:2      | Killed Crazy Yiuf
  2428 | D:3      | Noticed Grinder
  2432 | D:3      | Paralysed by Grinder for 4 turns
  2441 | D:3      | Paralysed by Grinder for 5 turns
  2449 | D:3      | Paralysed by Grinder for 4 turns
  2452 | D:3      | Slain by Grinder

Levels and vault maps discovered:
D:1:      scummos_arrival_star, layout_loops_ring, minmay_tree_intersection,
          serial_bayou_lake_a
D:2:      layout_loops_ring, minmay_hexomino_f4, uniq_crazy_yiuf_cottage,
          uniq_sigmund, uniq_natasha, uniq_jessica
D:3:      layout_basic, minmay_increasing_density, uniq_grinder, uniq_robin
D:4:      wad_river_or_something, layout_basic, minivault_4

Skill      XL: |  1  2  3 |
---------------+----------+-----
Fighting       | 4 |  4.3
Dodging        | 4 |  4.2
Shields        | 4 |  4.3
Unarmed Combat | 3 |  3.6

Action                   |  1- 3 |  4- 6 || total
-------------------------+-------+-------++-------
Melee: Unarmed           |    71 |    51 ||   122
       Constrict         |    21 |    15 ||    36
       Tentacles         |    10 |    14 ||    24
       Punch             |     2 |       ||     2
 Stab: Sleeping          |     9 |     4 ||    13
  Eat: Chunk             |     1 |     4 ||     5
Armor: Skin              |     5 |     2 ||     7
Dodge: Dodged            |    24 |     8 ||    32
Block: Shield            |    21 |     3 ||    24
       Large shield      |       |    19 ||    19
